 Dungeon Crawl Stone Soup version 0.23-a0-704-g7fdf9c5 (webtiles) character file.

28 emperorscorpion the Sneak (level 2, 0/20 HPs)
             Began as a Vampire Enchanter on Jan 14, 2019.
             Succumbed to an adder's poison
             ... on level 2 of the Dungeon.
             The game lasted 00:02:18 (1341 turns).

emperorscorpion the Sneak (Vampire Enchanter)       Turns: 1341, Time: 00:02:19

Health: 0/20       AC:  2    Str:  7    XL:     2   Next: 96%
Magic:  1/5        EV: 13    Int: 17    God:
Gold:   33         SH:  0    Dex: 14    Spells: 2/5 levels left

rFire    . . .     SeeInvis +   a - +1 dagger
rCold    + . .     Gourm    .   (no shield)
rNeg     + + .     Faith    .   b - +0 robe
rPois    +         Spirit   .   (no helmet)
rElec    .         Reflect  .   (no cloak)
rCorr    .         Harm     .   (no gloves)
MR       .....                  (no boots)
Stlth    ++++......             (no amulet)
HPRegen  0.03/turn              (no ring)
MPRegen  0.09/turn              (no ring)

@: lethally poisoned (0 -> -10), regenerating slowly, invisible
A: fangs 3, see invisible, unbreathing
a: no special abilities


You were on level 2 of the Dungeon.
You were very thirsty.

You visited 1 branch of the dungeon, and saw 2 of its levels.

You collected 33 gold pieces.

Inventory:

Hand Weapons
 a - a +1 dagger (weapon)
 e - a +0 spear
Armour
 b - a +0 robe (worn)
Scrolls
 f - a scroll of immolation {unknown}
 g - a scroll of identify {unknown}
 h - 2 scrolls of random uselessness {unknown}
 i - 4 scrolls of blinking {unknown}
Potions
 d - 8 potions of blood


   Skills:
 + Level 0.3 Fighting
 + Level 1.4 Short Blades
 + Level 2.3 Dodging
 + Level 5.0 Stealth
 + Level 2.4 Spellcasting
 + Level 4.6 Hexes


You had 2 spell levels left.
You knew the following spells:

 Your Spells              Type           Power        Failure   Level  Hunger
a - Corona                Hex            ###....      2%          1    #......
b - Ensorcelled Hibernat  Hex/Ice        ##....       11%         2    ##.....

Your spell library contained the following spells:

 Spells                   Type           Power        Failure   Level  Hunger
 Confuse                  Hex            ###.....     9%          3    ###....
 Tukima's Dance           Hex            ###.....     9%          3    ###....
 Dazzling Spray           Conj/Hex       #.....       22%         3    ###....


Dungeon Overview and Level Annotations

Branches:
Dungeon (2/15)

Altars:


Innate Abilities, Weirdness & Mutations

You heal slowly.
You have razor-sharp teeth.
You have supernaturally acute eyesight. (SInv)
You can survive without breathing.


Message History

You hit the adder.
The adder is almost dead.
The adder stops glowing.
The adder bites you but does no damage.
You closely miss the adder.
The adder is almost dead.
The adder misses you.
You hit the adder.
The adder is almost dead.
The adder misses you.
You miss the adder.
The adder is almost dead.
The adder bites you.
* * * LOW HITPOINT WARNING * * *
The adder bites you.
* * * LOW HITPOINT WARNING * * *
You are lethally poisoned!
The adder poisons you!
It was a potion of invisibility.
You fade into invisibility!
You die...

......r #.#
.........######.####
........).<...#
....######.##.##.#
........#.......^#
......).....♣....#
...........♣.♣...#
.......#..♣._.♣..#
........@(.♣.♣..##
.......S....♣...#
.......##.......#
....... ......###
..##... #.....# #..
#..#.# ### #.#.. .#


You could see an adder.

Vanquished Creatures
  4 dart slugs (D:1)
  A giant cockroach (D:1)
  2 goblins (D:1)
  2 hobgoblins
  3 bats (D:1)
  2 kobolds (D:1)
  8 rats (D:1)
22 creatures vanquished.

Notes
Turn   | Place    | Note
-------+----------+-------------------------------------------
     0 | D:1      | emperorscorpion the Vampire Enchanter began the quest for
                  | the Orb.
     0 | D:1      | Reached XP level 1. HP: 13/13 MP: 3/3
   177 | D:1      | Reached XP level 2. HP: 16/19 MP: 3/5
   237 | D:1      | Learned a level 2 spell: Ensorcelled Hibernation
   865 | D:1      | Reached skill level 5 in Stealth
  1277 | D:2      | Found a faded altar of an unknown god.
  1340 | D:2      | HP: 1/20 [adder (4)]
  1341 | D:2      | Succumbed to an adder's poison

Vault maps used:
D:1:      nicolae_arrival_washed_ashore
D:2:      chequers_ecumenical_altar_simple_redux, minmay_diced_spiral,
          uniq_sigmund, uniq_robin

Skill      XL: |  1  2 |
---------------+-------+-----
Stealth        | 5 |  5.0
Fighting       | |  0.3
Short Blades   | |  1.4
Dodging        | |  2.3
Spellcasting   | |  2.4
Hexes          | |  4.6

Action                   || total
-------------------------++-------
Melee: Dagger            ||    57
       Bite              ||     3
 Cast: Corona            ||     6
       Ensorcelled Hiber ||    14
  Use: Potion            ||     1
 Stab: Sleeping          ||    15
Armor: Robe              ||     9
Dodge: Dodged            ||    26

Table legend:
 A = Non-vault XP
 B = Vault XP
 C = Vault XP percentage of total XP
 D = Non-vault monster count
 E = Vault monster count
 F = Vault count percentage of total count
                 A         B        C        D         E       F
            +---------+---------+-------+---------+---------+-------
      Total |      40 |       0 |   0.0 |      22 |       0 |   0.0
            +---------+---------+-------+---------+---------+-------
        D:1 |      38 |       0 |   0.0 |      21 |       0 |   0.0
        D:2 |       2 |       0 |   0.0 |       1 |       0 |   0.0
            +---------+---------+-------+---------+---------+-------
